 Dungeon Crawl Stone Soup version 0.15.0-18-g9076a4f (webtiles) character file.

13 Bloax the Insei (level 2, 0/14 HPs)
             Began as a Vine Stalker Transmuter on Sept 6, 2014.
             Succumbed to an adder's poison
             ... on Level 2 of the Dungeon.
             The game lasted 00:00:22 (76 turns).

Bloax the Insei (Vine Stalker Transmuter)             Turns: 76, Time: 00:00:22

HP   0/14        AC  2     Str 12      XL: 2   Next: 37%
MP   2/6         EV 12     Int 13      God:
Gold 10          SH  0     Dex 14      Spells:  1 memorised,  5 levels left

rFire  . . .     SeeInvis .       - Unarmed
rCold  . . .     Clarity  .     c - +0 robe
rNeg   . . .     rCorr    .     (no shield)
rPois  .         rRot     +     (no helmet)
rElec  .         Spirit   +     (no cloak)
SustAb .         Warding  .     (no gloves)
rMut   .         Stasis   .     (no boots)
Gourm  .                        (no amulet)
MR     .....                    (no ring)
                                (no ring)

@: lethally poisoned, not resistant to hostile enchantments, very unstealthy
A: fangs 2, regeneration 1, magic shield, antimagic bite, no device heal 3, rot
immunity
a: no special abilities


You were on level 2 of the Dungeon.
You were not hungry.

You visited 1 branch of the dungeon, and saw 2 of its levels.

You collected 10 gold pieces.


Innate Abilities, Weirdness & Mutations

You have extremely sharp teeth.
Your natural rate of healing is unusually fast.
When hurt, damage is shared between your health and your magic reserves.
Your bite disrupts and absorbs the magic of your enemies.
Potions and wands cannot restore your health.
You are immune to rotting.


   Skills:
 - Level 0.8 Fighting
 - Level 1.5 Dodging
 - Level 3.0 Unarmed Combat
 + Level 2.6 Spellcasting
 + Level 2.5 Transmutations


You had 5 spell levels left.
You knew the following spells:

 Your Spells              Type           Power        Failure   Level  Hunger
a - Beastly Appendage     Trmt           #.....       10%         1    #......


Dungeon Overview and Level Annotations

Branches:
Dungeon (2/15)

Altars:

Inventory:

Missiles
 b - 12 arrows
Armour
 c - a +0 robe (worn)
Comestibles
 a - a bread ration
Scrolls
 f - a scroll of fog {unknown}
Potions
 e - a potion of might {unknown}
Books
 d - a book of Changes

   Spells                             Type                      Level
   *Beastly Appendage                 Transmutation                1
   Sticks to Snakes                   Transmutation                2
   Spider Form                        Transmutation/Poison         3
   Ice Form                           Ice/Transmutation            4
   Blade Hands                        Transmutation                5

###########
#####.........#
#.........###.#
###.###.###.#
##.#.###.###.###.#.
#.%................
##@#.###.###.###...
#.#..........## .#
#.#####.#.....#..#
..# #..........#
... #####.####.#
.... #.# # .... #.#
#...## ##'## .##
##...##


There were no monsters in sight!


Message History

You are too injured to fight recklessly!
You are too injured to fight recklessly!
You are too injured to fight recklessly!
You are too injured to fight recklessly!
You are too injured to fight recklessly!
You are too injured to fight recklessly!
You are too injured to fight recklessly!
You are too injured to fight recklessly!
You are too injured to fight recklessly!
You are too injured to fight recklessly!
You are too injured to fight recklessly!
You are too injured to fight recklessly!
You are too injured to fight recklessly!
You are too injured to fight recklessly!
You are too injured to fight recklessly!
You are too injured to fight recklessly!
You are too injured to fight recklessly!
You are too injured to fight recklessly!
You hit the adder. You bite the adder. You drain its power.
You feel invigorated.
The adder is severely wounded.
The adder misses you. x2
You miss the adder.
The adder is severely wounded.
The adder bites you but does no damage.
You closely miss the adder.
The adder is severely wounded.
You feel sick. The adder bites you but does no damage.
You barely miss the adder. You bite the adder. You drain its power.
The adder is almost dead.
The adder bites you.
* * * LOW HITPOINT WARNING * * *
You miss the adder.
The adder is almost dead.
The adder bites you but does no damage.
You miss the adder.
The adder is almost dead.
The adder barely misses you. The adder bites you but does no damage.
You closely miss the adder.
The adder is almost dead.
The adder closely misses you.
You hit the adder.
The adder is almost dead.
* * * LOW HITPOINT WARNING * * *
You feel sick.
You are no longer poisoned.
The adder closely misses you.
You barely miss the adder.
The adder is almost dead.
The adder bites you.
You are lethally poisoned!
The adder poisons you!
You completely miss the adder.
The adder is almost dead.
* * * LOW HITPOINT WARNING * * *
You feel sick. The adder closely misses you. The adder barely misses you.
You barely miss the adder.
The adder is almost dead.
The adder closely misses you.
You miss the adder.
The adder is almost dead.
The adder barely misses you.
You barely miss the adder. You bite the adder, but do no damage.
The adder is almost dead.
The adder bites you.
You miss the adder. You bite the adder. You drain its power.
You feel invigorated.
You kill the adder!
You have reached level 2!
You die...

Action                   || total
-------------------------++-------
Melee: Unarmed           ||    29

Vault maps used:
D:1:      lemuel_arrival_hallway, minmay_misc_feat_doors,
          minmay_stone_trees_small, minmay_misc_feat_chi, st_stairs_10
D:2:      uniq_crazy_yiuf_cottage

Notes
Turn   | Place    | Note
--------------------------------------------------------------
     0 | D:1      | Bloax, the Vine Stalker Transmuter, began the quest for the Orb.
     0 | D:1      | Reached XP level 1. HP: 9/9 MP: 3/3
    62 | D:2      | HP: 2/9 [adder (2)]
    70 | D:2      | HP: 1/9 [poisoned by an adder]
    76 | D:2      | Reached XP level 2. HP: 1/14 MP: 2/6
    76 | D:2      | Succumbed to an adder's poison

Vanquished Creatures
  An adder (D:2)
  A goblin (D:2)
  A kobold (D:2)
  A quokka (D:2)
4 creatures vanquished.
